 Dungeon Crawl Stone Soup version 0.29.0-4-gdea44cf6ec (webtiles) character file.

Game seed: 10520462155840045341

60740 Flugkiller the Severer (level 14, -7/130 HPs)
             Began as a Minotaur Fighter on Aug 26, 2022.
             Was a High Priest of Okawaru.
             Mangled by a 17-headed hydra (12 damage)
             ... on level 5 of the Lair of Beasts.
             The game lasted 00:11:31 (21747 turns).

Flugkiller the Severer (Minotaur Fighter)          Turns: 21747, Time: 00:11:31

Health: -7/130     AC: 26    Str: 22    XL:     14   Next: 58%
Magic:  21/21      EV:  8    Int:  5    God:    Okawaru [*****.]
Gold:   1006       SH: 10    Dex: 14    Spells: 13/13 levels left

rFire   . . .      SeeInvis +   a - +1 war axe
rCold   . . .      Faith    .   F - +0 buckler
rNeg    . . .      Spirit   .   v - +1 chain mail {rPois}
rPois   +          Reflect  +   g - +0 hat
rElec   .          Harm     .   L - +1 cloak
rCorr   .          Rampage  .   k - +1 pair of gloves
Will    +....                   B - +2 pair of boots
Stlth   ..........              E - amulet of reflection
HPRegen 0.31/turn               p - +4 ring of protection
MPRegen 0.17/turn               i - ring of see invisible

@: no status effects
A: horns 2, retaliatory headbutt
a: Renounce Religion, Heroism, Finesse, Duel


You were on level 5 of the Lair of Beasts.
You worshipped Okawaru.
Okawaru was extremely pleased with you.
You visited 2 branches of the dungeon, and saw 16 of its levels.
You also visited: Sewer.

You collected 1006 gold pieces.

Inventory:

Hand Weapons
 a - a +1 war axe (weapon)
 z - a +0 battleaxe of venom
   (You took it off an orc warrior on level 7 of the Dungeon)
 M - a +2 vorpal executioner's axe
   (You took it off an orc on level 11 of the Dungeon)
Missiles
 G - 4 boomerangs (quivered)
 K - 3 silver javelins
 N - 2 throwing nets
Armour
 g - a +0 hat (worn)
   (You found it on level 2 of the Dungeon)
 k - a +1 pair of gloves (worn)
   (You found it on level 2 of the Dungeon)
 m - a scarf of resistance
   (Okawaru gifted it to you on level 3 of the Lair of Beasts)
 s - the +0 pair of gloves "Dutawuta" {rF+ SInv}
   (You acquired it on level 5 of the Dungeon)

   rF:        It protects you from fire.
   SInv:      It lets you see invisible.
 v - a +1 chain mail of poison resistance (worn)
   (Okawaru gifted it to you on level 9 of the Dungeon)
 B - a +2 pair of boots (worn)
   (You found it on level 3 of the Dungeon)
 D - a +0 plate armour
   (You found it on level 6 of the Dungeon)
 F - a +0 buckler (worn)
 L - a +1 cloak (worn)
   (You found it on level 10 of the Dungeon)
Jewellery
 c - a ring of protection from cold
   (You found it on level 2 of the Lair of Beasts)
 i - a ring of see invisible (right hand)
   (You found it on level 7 of the Dungeon)
 p - a +4 ring of protection (left hand)
   (You found it on level 6 of the Dungeon)
 E - an amulet of reflection (around neck)
   (You took it off a gnoll on level 4 of the Dungeon)
 P - an amulet of faith
   (You found it on level 2 of the Lair of Beasts)
Wands
 A - a wand of paralysis (3)
   (You found it on level 6 of the Dungeon)
 I - a wand of acid (19)
   (You found it on level 2 of the Lair of Beasts)
 O - a wand of iceblast (3)
   (You found it on level 3 of the Lair of Beasts)
Scrolls
 j - a scroll of enchant armour
 l - 2 scrolls of magic mapping
 o - 4 scrolls of fog
 r - 2 scrolls of identify
 t - 6 scrolls of teleportation
 u - 2 scrolls of enchant weapon
 y - 4 scrolls of vulnerability
 H - a scroll of silence
 J - a scroll of immolation
Potions
 b - 2 potions of berserk rage
 d - 6 potions of might
 e - 2 potions of lignification
 f - 2 potions of invisibility
 h - 8 potions of haste
 n - a potion of resistance
 q - 10 potions of curing
 w - a potion of heal wounds
 x - a potion of mutation
 C - a potion of magic


   Skills:
 + Level 13.8 Fighting
 - Level 16.0 Axes
 - Level 10.0 Throwing
 + Level 13.9 Armour
 - Level 3.6 Shields
 - Level 11.0 Invocations
 - Level 6.0 Evocations


You had 13 spell levels left.
You didn't know any spells.
Your spell library was empty.

Dungeon Overview and Level Annotations

Branches:
Dungeon (11/15)            Temple (0/1) D:5            Lair (5/5) D:8
  Swamp (0/4) Lair:2       Spider (0/4) Lair:2        Slime (0/5) Lair:5
    Orc (0/2) D:11          Sewer (visited)

Altars:
Elyvilon
Okawaru
Trog
Uskayaw
Jiyva

Annotations:
Lair:5 1 runed translucent door


Innate Abilities, Weirdness & Mutations

You have a pair of horns on your head.
You reflexively headbutt those who attack you in melee.


Message History

You lop one of the 12-headed hydra's heads off!
The 11-headed hydra grows two more!
You slash the 13-headed hydra!
Your headbutt misses the 13-headed hydra.
The 13-headed hydra is moderately wounded.
You hit the wolf. The wolf bites you but does no damage.
The 13-headed hydra bites you but does no damage. x8
You block the 13-headed hydra's attack.
The 13-headed hydra bites you but does no damage. x4
You miss the wolf.
The wolf is heavily wounded.
You lop one of the 13-headed hydra's heads off!
The 12-headed hydra grows two more!
You hit the 14-headed hydra. You block the wolf's attack.
A polar bear comes into view.
You hit the wolf.
The wolf is severely wounded.
You hit the 14-headed hydra. You slash the black bear!
The wolf bites you but does no damage. The 14-headed hydra barely misses you.
You furiously retaliate!
You headbutt the 14-headed hydra!
The 14-headed hydra bites you but does no damage.
The 14-headed hydra bites you.
The 14-headed hydra bites you but does no damage.
The 14-headed hydra bites you.
The 14-headed hydra bites you but does no damage. x3
The 14-headed hydra barely misses you. The 14-headed hydra bites you.
The 14-headed hydra bites you but does no damage.
The 14-headed hydra bites you! The 14-headed hydra bites you.
The 14-headed hydra bites you but does no damage.
You barely miss the wolf. Your headbutt misses the wolf.
The wolf is severely wounded.
You closely miss the black bear. You slash the black bear!
You hack one of the 14-headed hydra's heads off!
The 13-headed hydra grows two more!
You hit the 15-headed hydra. You slash the hell hound!
The wolf barely misses you.
The hell hound bites you but does no damage.
The 15-headed hydra bites you but does no damage. x2
The 15-headed hydra closely misses you.
The 15-headed hydra completely misses you.
The 15-headed hydra bites you but does no damage.
You block the 15-headed hydra's attack. x2
The 15-headed hydra bites you but does no damage.
You block the 15-headed hydra's attack. The 15-headed hydra barely misses you.
The 15-headed hydra bites you but does no damage.
The 15-headed hydra barely misses you.
The 15-headed hydra bites you but does no damage. x2
The 15-headed hydra barely misses you. The wolf bites you but does no damage.
You miss the wolf. You headbutt the wolf!
You kill the wolf!
Okawaru accepts your kill.
You slash the black bear!
You kill the black bear!
Okawaru accepts your kill.
You slash the black bear!
You slice one of the 15-headed hydra's heads off!
The 14-headed hydra grows two more!
You hit the 16-headed hydra. You miss the hell hound.
The hell hound breathes flames at you. The blast of flame hits you.
The hell hound bites you. You block the black bear's attack.
The black bear closely misses you.
The black bear claws you but does no damage.
The 16-headed hydra barely misses you. You furiously retaliate!
You headbutt the 16-headed hydra. You block the 16-headed hydra's attack.
The 16-headed hydra bites you but does no damage. x2
The 16-headed hydra bites you!
The 16-headed hydra bites you but does no damage. x2
The 16-headed hydra barely misses you.
The 16-headed hydra bites you but does no damage. x3
The 16-headed hydra bites you.
The 16-headed hydra bites you but does no damage.
The 16-headed hydra bites you!
* * * LOW HITPOINT WARNING * * *
The 16-headed hydra closely misses you. x2
Unknown command.
You hit the hell hound. You headbutt the hell hound!
You kill the hell hound!
Okawaru accepts your kill.
You slash the black bear!
You kill the black bear!
Okawaru accepts your kill.
You hit the black bear.
You lop one of the 16-headed hydra's heads off!
The 15-headed hydra grows two more!
You hit the 17-headed hydra. The hell hound bites you.
* * * LOW HITPOINT WARNING * * *
The 17-headed hydra attacks as you move away!
The 17-headed hydra bites you.
* * * LOW HITPOINT WARNING * * *
The 17-headed hydra barely misses you. The 17-headed hydra bites you.
* * * LOW HITPOINT WARNING * * *
The 17-headed hydra bites you but does no damage.
The 17-headed hydra barely misses you.
The 17-headed hydra bites you but does no damage. x2
The 17-headed hydra closely misses you. You block the 17-headed hydra's attack.
The 17-headed hydra bites you but does no damage.
The 17-headed hydra bites you!
* * * LOW HITPOINT WARNING * * *
The 17-headed hydra bites you!
* * * LOW HITPOINT WARNING * * *
You block the 17-headed hydra's attack. The 17-headed hydra bites you!
You die...

...†...##.## ##### ####
.P...###### ....## ...##
## ...#### ##.## #
..#...##########.#..#.#
.#.....#.#.#.##.#...[#
#......†.....#.#.h..###.
###...#.....†..#@hhh.hh.
####.#...#..(†#Dh..##.
#######..####hh## #..#
#hh. ....#


hhh.. .:..## .... .....## ... .#.## ... ## You could see a 17-headed hydra, 7
polar bears, a warg, a hell hound and 5 black bears.

Vanquished Creatures
  Josephine (Lair:5)
  Erolcha (D:9)
  A boulder beetle (D:8)
  2 two-headed ogres
  9 hydras
  Erica (D:10)
  A centaur warrior (D:10)
  6 death yaks (Lair:5)
  Sonja (Lair:5)
  A fire crab (Lair:4)
  A lindwurm (Lair:4)
  A cyclops (D:11)
  22 elephants
  7 black mambas
  A torpor snail (Lair:4)
  14 cane toads
  4 rime drakes
  6 komodo dragons
  A tengu conjurer (D:9)
  A troll (D:10)
  3 polar bears
  A tyrant leech (Lair:2)
  A hornet (D:9)
  15 blink frogs
  8 dream sheep
  A raiju (Lair:5)
  A shadow (D:11)
  Eustachio (D:5)
  A vampire (D:9)
  6 wyverns
  6 wraiths
  6 basilisks
  69 yaks
  2 redbacks (Lair:2)
  A steam dragon (D:8)
  10 water moccasins
  3 hell hounds (Lair:5)
  2 acid dragons
  4 wargs
  11 orc warriors
  4 ice beasts
  A sky beast (D:7)
  A swamp drake (D:11)
  11 black bears
  2 ogres (D:7)
  5 centaurs
  21 wolves
  2 phantoms
  4 kobold brigands
  11 bullfrogs
  2 gnoll sergeants
  5 scorpions
  A necrophage (D:4)
  12 killer bees
  An electric eel (D:11)
  2 howler monkeys
  4 hounds
  A jelly (D:7)
  13 orc priests
  A gnoll bouda (D:4)
  2 iguanas
  10 orc wizards
  15 gnolls
  9 adders
  A river rat (D:3)
  2 shadow imps
  3 white imps
  An ufetubus (D:7)
  6 worms
  2 dart slugs
  40 orcs
  7 bats
  13 endoplasms
  6 giant cockroaches
  5 hobgoblins
  2 jackals (D:3)
  26 kobolds
  A quokka (D:2)
  9 ball pythons
  4 frilled lizards
  7 goblins
  5 rats
514 creatures vanquished.

Vanquished Creatures (others)
  An orc wizard (D:11)
  24 fungi
  55 plants
80 creatures vanquished.

Grand Total: 594 creatures vanquished

Notes
Turn   | Place    | Note
-------+----------+-------------------------------------------
     0 | D:1      | Flugkiller the Minotaur Fighter began the quest for the
                  | Orb.
     0 | D:1      | Reached XP level 1. HP: 19/19 MP: 0/0
   376 | D:1      | Reached skill level 3 in Axes
   376 | D:1      | Reached XP level 2. HP: 27/27 MP: 1/1
  1280 | D:2      | Reached XP level 3. HP: 33/33 MP: 2/2
  1525 | D:2      | Found a faded altar of an unknown god.
  1635 | D:2      | Reached skill level 4 in Axes
  2071 | D:3      | Found a glowing drain.
  2074 | D:3      | Reached XP level 4. HP: 41/41 MP: 3/3
  2082 | Sewer    | Entered a sewer
  2707 | D:3      | Found an iron altar of Okawaru.
  2822 | D:3      | Became a worshipper of Warmaster Okawaru
  3317 | D:3      | Reached XP level 5. HP: 47/47 MP: 4/4
  3459 | D:4      | Noticed a phantom
  3466 | D:4      | Killed a phantom
  3467 | D:4      | Reached skill level 5 in Axes
  3467 | D:4      | Reached skill level 1 in Throwing
  3538 | D:4      | Reached skill level 5 in Fighting
  3538 | D:4      | Reached skill level 5 in Armour
  3538 | D:4      | Reached skill level 1 in Invocations
  3538 | D:4      | Reached XP level 6. HP: 55/56 MP: 5/5
  3672 | D:4      | Reached * piety under Okawaru
  3695 | D:4      | Reached skill level 6 in Axes
  3920 | D:4      | Reached XP level 7. HP: 57/61 MP: 7/7
  4377 | D:5      | Entered Level 5 of the Dungeon
  4419 | D:5      | Found a bloodstained altar of Trog.
  4501 | D:5      | Reached ** piety under Okawaru
  4620 | D:5      | Found a staircase to the Ecumenical Temple.
  4638 | D:5      | Reached skill level 7 in Axes
  4945 | D:5      | Reached XP level 8. HP: 33/70 MP: 6/9
  5161 | D:5      | Noticed Eustachio
  5179 | D:5      | Killed Eustachio
  5507 | D:5      | Identified a scroll of acquirement
  5511 | D:5      | Acquired the +0 pair of gloves "Dutawuta" {rF+ SInv}
  5583 | D:6      | Reached skill level 8 in Axes
  5647 | D:6      | Reached *** piety under Okawaru
  6537 | D:7      | Identified the +5 chain mail of Uqiudgh {rN+++ Str-4 SInv}
  6623 | D:7      | Reached XP level 9. HP: 76/79 MP: 11/11
  6705 | D:7      | Received a gift from Okawaru
  6711 | D:7      | Reached skill level 9 in Axes
  7359 | D:8      | Noticed a boulder beetle
  7887 | D:8      | Reached skill level 5 in Invocations
  7890 | D:8      | Reached skill level 10 in Axes
  7930 | D:8      | Found a staircase to the Lair.
  7944 | D:8      | Reached skill level 5 in Throwing
  7963 | Lair:1   | Entered Level 1 of the Lair of Beasts
  8080 | D:8      | Reached **** piety under Okawaru
  8089 | D:8      | Received a gift from Okawaru
  8378 | D:8      | Killed a boulder beetle
  8379 | D:8      | Reached XP level 10. HP: 64/88 MP: 11/13
  8767 | D:8      | Reached skill level 11 in Axes
  9345 | D:9      | Reached ***** piety under Okawaru
  9473 | D:9      | Reached skill level 12 in Axes
  9688 | D:9      | Paralysed by a hornet for 3 turns
  9693 | D:9      | Reached XP level 11. HP: 61/97 MP: 12/14
  9723 | D:9      | Received a gift from Okawaru
  9736 | D:9      | Noticed a two-headed ogre
 10725 | D:9      | Noticed Erolcha
 10735 | D:9      | Killed Erolcha
 11006 | D:9      | Killed a two-headed ogre
 11373 | D:10     | Entered Level 10 of the Dungeon
 11471 | D:10     | Reached skill level 13 in Axes
 11471 | D:10     | Reached skill level 10 in Armour
 11800 | D:10     | Noticed a centaur warrior
 11808 | D:10     | Killed a centaur warrior
 11809 | D:10     | Reached skill level 10 in Fighting
 11997 | D:10     | Noticed Erica
 12002 | D:10     | Killed Erica
 12002 | D:10     | Received a gift from Okawaru
 12382 | D:10     | Found a white marble altar of Elyvilon.
 12382 | D:10     | Found a hide-covered altar of Uskayaw.
 12688 | D:11     | Noticed a two-headed ogre
 12697 | D:11     | Killed a two-headed ogre
 12698 | D:11     | Reached XP level 12. HP: 107/107 MP: 13/16
 12979 | D:11     | Reached skill level 14 in Axes
 13077 | D:11     | wtf
 13479 | D:11     | Found a staircase to the Orcish Mines.
 13950 | Lair:1   | Received a gift from Okawaru
 13951 | Lair:1   | Reached skill level 1 in Evocations
 14583 | Lair:1   | Noticed a seven-headed hydra
 14598 | Lair:1   | Killed a seven-headed hydra
 15570 | Lair:2   | Found a hole to the Spider Nest.
 15931 | Lair:2   | Reached skill level 15 in Axes
 16204 | Lair:2   | Reached XP level 13. HP: 94/116 MP: 18/18
 16213 | Lair:2   | Received a gift from Okawaru
 16542 | Lair:2   | You fall into a shaft and drop 2 floors!
 16637 | Lair:4   | Received a gift from Okawaru
 16743 | Lair:4   | Received a gift from Okawaru
 17063 | Lair:4   | Received a gift from Okawaru
 17064 | Lair:4   | Reached skill level 16 in Axes
 17287 | Lair:4   | Identified the +8 quarterstaff of the Dragonfly {flame, rC-
                  | Int+2 Dex+2} (Okawaru gifted it to you on level 4 of the
                  | Lair of Beasts)
 17287 | Lair:4   | Received a gift from Okawaru
 17866 | Lair:4   | Reached skill level 5 in Evocations
 18334 | Lair:4   | Identified the +4 flail of the Fox {freeze, Str+5}
 18636 | Lair:3   | Received a gift from Okawaru
 18653 | Lair:3   | Reached skill level 10 in Invocations
 18674 | Lair:3   | Reached XP level 14. HP: 127/127 MP: 20/20
 19082 | Lair:3   | Reached skill level 10 in Throwing
 19775 | Lair:2   | Found a staircase to the Swamp.
 20372 | Lair:5   | Entered Level 5 of the Lair of Beasts
 20700 | Lair:5   | Noticed Josephine
 20717 | Lair:5   | Killed Josephine
 20864 | Lair:5   | Noticed Sonja
 20886 | Lair:5   | Killed Sonja
 21262 | Lair:5   | Received a gift from Okawaru
 21486 | Lair:5   | Found a runed translucent door.
 21486 | Lair:5   | Found a viscous altar of Jiyva.
 21486 | Lair:5   | Found a staircase to the Slime Pits.
 21486 | Lair:5   | Noticed an azure jelly
 21486 | Lair:5   | Noticed an azure jelly
 21726 | Lair:5   | Received a gift from Okawaru
 21747 | Lair:5   | HP: 5/130 [17-headed hydra (11)]
 21747 | Lair:5   | Mangled by a 17-headed hydra

Illustrated notes

#.≈≈≈#≈≈ ... ###..≈≈≈≈#
#.# #....≈#≈≈≈ #.#
#####.##.≈≈≈.. ..#
#.....##...... #
#.#.#.)...####..##
#.##.##.#.#........##.##
#.!...††..#.....##.##.##
#@# #.....##.##.## #.#
########.##... #.#
#.###.# ##.###### #.#
#.# #...[...# #.###.#
#....##.### #......
#.##......#######.# #.
####[#.........#
#.......###########


Turn 13077 on D:11: wtf

Levels and vault maps discovered:
D:1:      evilmike_arrival_hilbert_curve, layout_basic
D:2:      layout_basic, dreamdust_ecumenical_altar_statues, st_stairs_2
D:3:      layout_loops_ring, mainiacjoe_overflow_paths, portal_sewer_entry_b
D:4:      layout_loops_ring, kennysheep_dice
D:5:      cheibrodos_quashed, layout_gridville, bloody_trog,
          minmay_temple_entry_waves, uniq_eustachio
D:6:      layout_cave_pods
D:7:      layout_basic
D:8:      layout_loops_cross, erik_lair_orcish_takeover, minmay_microvault
D:9:      layout_basic, nzn_random_ring, uniq_erolcha
D:10:     layout_basic, gammafunk_temple_overflow_wave, uniq_erica
D:11:     layout_loops_cross, erik_orc_1, nicolae_lava_and_water
Lair:1:   layout_roguey
Lair:2:   layout_long_grid, minmay_swamp_entry_worms, spider_nest_entry_webs,
          chequers_serial_rivers_large_b
Lair:3:   wander_river, layout_regular_city
Lair:4:   nzn_winding_woodlands_cross [nzn_winding_woodlands_5x15_parted,
          nzn_winding_woodlands_5x15_pathside_ponds,
          nzn_winding_woodlands_5x15_sawtooth, nzn_winding_woodlands_5x15_twine,
          nzn_winding_woodlands_15x15_killbox], layout_regular_city,
          serial_rivers, chequers_serial_rivers_small_a,
          chequers_serial_rivers_room_a, chequers_serial_rivers_marsh,
          chequers_serial_rivers_room_a, chequers_serial_rivers_room_b,
          serial_bayou_pond_a
Lair:5:   guppyfry_lair_end_dragon, layout_regular_city,
          hangedman_lair_caniforms_friends, slime_entry_2, uniq_sonja,
          uniq_josephine

Skill      XL: |  1  2  3  4  5  6  7  8  9 10 11 12 13 14 |
---------------+-------------------------------------------+-----
Axes           | 3 4 5 6 7 8 10 12 13 15 16 | 16.0
Fighting       | 4 5 6 7 8 9 10 11 12 13 | 13.8
Armour         | 4 5 6 7 8 9 10 11 12 13 | 13.9
Throwing       | 1 2 4 5 6 7 8 9 10 | 10.0
Invocations    | 1 2 4 5 6 7 8 10 11 | 11.0
Evocations     | 3 5 6 |  6.0
Shields        | |  3.6

Action                   |  1- 3 |  4- 6 |  7- 9 | 10-12 | 13-15 || total
-------------------------+-------+-------+-------+-------+-------++-------
Melee: War axe           |    98 |   130 |   292 |   628 |   567 ||  1715
       Headbutt          |     6 |    18 |    60 |   134 |   141 ||   359
Throw: Boomerang         |       |       |       |    13 |    67 ||    80
       Javelin           |       |       |       |       |     1 ||     1
Invok: Heroism           |       |       |    13 |    26 |    16 ||    55
       Finesse           |       |       |       |       |     4 ||     4
Evoke: Wand              |       |       |       |     1 |     2 ||     3
  Use: Scroll            |       |       |    17 |    12 |     2 ||    31
       Potion            |       |       |     1 |     1 |     2 ||     4
 Stab: Paralysed         |       |       |       |       |     1 ||     1
Armor: Scale mail        |    52 |    76 |    62 |       |       ||   190
       Plate armour      |       |       |    92 |   218 |       ||   310
       Chain mail        |       |       |       |   135 |   427 ||   562
Dodge: Dodged            |    50 |    56 |    87 |   171 |   231 ||   595
Block: Buckler           |    26 |    23 |   151 |   311 |   325 ||   836
       Reflection        |       |       |     9 |     9 |     4 ||    22
